 Dungeon Crawl Stone Soup version 0.19-a0-1886-gd64a0f0 (console) character file.

2298 brucemayne the Cleaver (level 9, -11/83 HPs)
             Began as a Hill Orc Monk on Oct 15, 2016.
             Was a Believer of the Shining One.
             Mangled by a warg (13 damage)
             ... on level 7 of the Dungeon.
             The game lasted 00:15:03 (3344 turns).

brucemayne the Cleaver (Hill Orc Monk)              Turns: 3344, Time: 00:15:04

Health: -11/83     AC:  6    Str: 17    XL:     9   Next: 40%
Magic:  9/9        EV: 10    Int: 10    God:    the Shining One [**....]
Gold:   203        SH:  0    Dex: 13    Spells: 0 memorised, 8 levels left

rFire  . . .     SeeInvis .     v - +1 war axe (elec)
rCold  . . .     Gourm    .     s - +1 scale mail {rPois}
rNeg   + . .     Faith    .     (no shield)
rPois  +         Spirit   .     t - +0 helmet
rElec  .         Dismiss  .     (no cloak)
rCorr  .         Reflect  .     (no gloves)
MR     .....     Harm     .     j - +0 pair of boots
Stlth  ..........               (no amulet)
                                (no ring)
                                (no ring)

@: glowing
A: blurry vision 1, deformed body
a: Divine Shield, Renounce Religion


You were on level 7 of the Dungeon.
You worshipped the Shining One.
The Shining One was pleased with you.
You were not hungry.

You visited 2 branches of the dungeon, and saw 9 of its levels.
You also visited: Sewer.

You collected 203 gold pieces.

Inventory:

Hand Weapons
 a - a +0 hand axe
 f - a +0 trident of protection
 u - a +4 scimitar of flaming
 v - a +1 war axe of electrocution (weapon)
Missiles
 k - 14 sling bullets
 l - 101 stones (quivered)
 m - 19 tomahawks
 n - 7 javelins
 p - 29 poisoned needles
 y - a throwing net
 z - 8 steel javelins
Armour
 b - a +0 robe
 d - a +0 ring mail
 j - a +0 pair of boots (worn)
 o - a +0 scale mail
 s - a +1 scale mail of poison resistance (worn)
 t - a +0 helmet (worn)
Jewellery
 i - an uncursed amulet of dismissal
 A - an uncursed amulet of faith
Scrolls
 h - a scroll of enchant armour
 w - 2 scrolls of magic mapping
 x - 3 scrolls of blinking
Potions
 e - 2 potions of invisibility
 r - a potion of brilliance {unknown}
 B - a potion of curing {unknown}
Books
 q - a book of Clouds

   Spells                             Type                      Level
   a - Mephitic Cloud                 Conjuration/Poison/Air       3
   b - Conjure Flame                  Conjuration/Fire             3
   c - Poisonous Cloud                Conjuration/Poison/Air       6
   d - Freezing Cloud                 Conjuration/Ice/Air          6
   e - Ring of Flames                 Charms/Fire                  7
Comestibles
 c - 4 bread rations
 g - 3 chunks of flesh


   Skills:
 + Level 9.0 Fighting
 + Level 13.3 Axes
 - Level 2.4 Dodging
 - Level 1.5 Stealth


You had 8 spell levels left.
You didn't know any spells.

Dungeon Overview and Level Annotations

Branches:
Dungeon (8/15)             Temple (1/1) D:4
   Lair: D:8-11

Altars:
Ashenzari
Cheibriados
Elyvilon
Fedhas
Hepliaklqana
Kikubaaqudgha
Makhleb
Nemelex Xobeh
Qazlal
Vehumet
Xom
Zin
The Shining One
Lugonu

Annotations:
D:2 1 runed door


Innate Abilities, Weirdness & Mutations

Scrolls take you a little longer to read.
Armour fits poorly on your strangely shaped body.


Message History

The warg bites you but does no damage.
Unknown command.
You hit the warg but do no damage.
The warg is almost dead.
The warg bites you!
* * * LOW HITPOINT WARNING * * *
Unknown command.
Really read with blurry vision while enemies are nearby? [Y]es or [N]o only, please.
Really read with blurry vision while enemies are nearby? [Y]es or [N]o only, please.
Really read with blurry vision while enemies are nearby? [Y]es or [N]o only, please.
Really read with blurry vision while enemies are nearby? [Y]es or [N]o only, please.
Really read with blurry vision while enemies are nearby? [Y]es or [N]o only, please.
Really read with blurry vision while enemies are nearby?
The warg bites you!
You die...

#(........# ### #.........#
..# #.........#
#.###.........#
#..##.........#
##(##.........#
##.##.........######
†)..+.........oh...#########
###.#.........o#@.......(..#
#.#..........#..(........#
#........................#
##.......................#
#...........[...........#
##.########[............#
#..###.................#
#......................#
#............###########


You could see a warg and an orc warrior.

Vanquished Creatures
  Erica (D:8)
  A hornet (D:7)
  A warg (D:7)
  Edmund (D:6)
  A sky beast (D:4)
  A phantom (D:7)
  2 ice beasts
  An ogre (D:8)
  A big kobold (Sewer)
  A bullfrog (D:8)
  4 wights (D:7)
  A crimson imp (D:4)
  2 orc priests
  A hound (D:6)
  6 orc wizards
  Natasha (twice) (D:3)
  A worker ant (D:7)
  6 adders
  2 dart slugs (D:2)
  3 leopard geckos
  19 orcs
  8 bats
  4 giant cockroaches
  5 goblins
  4 hobgoblins (D:1)
  14 jackals
  A quokka (D:6)
  2 ball pythons (D:3)
  3 frilled lizards
  A jackal skeleton (D:5)
  2 kobolds
  13 rats
115 creatures vanquished.

Notes
Turn   | Place    | Note
-------+----------+-------------------------------------------
     0 | D:1      | brucemayne the Hill Orc Monk began the quest for the Orb.
     0 | D:1      | Reached XP level 1. HP: 19/19 MP: 1/1
    72 | D:1      | Reached XP level 2. HP: 7/26 MP: 2/2
   179 | D:1      | Reached skill level 5 in Axes
   225 | D:1      | HP: 1/26 [jackal (3)]
   339 | D:2      | Reached XP level 3. HP: 4/31 MP: 3/3
   626 | D:2      | Found a runed door.
   684 | D:2      | Reached skill level 6 in Axes
   888 | D:3      | Found an ancient bone altar of Kikubaaqudgha.
   888 | D:3      | Found a blossoming altar of Fedhas.
   925 | D:3      | Reached XP level 4. HP: 19/39 MP: 4/4
  1103 | D:3      | Found a glowing drain.
  1154 | Sewer    | Entered a sewer
  1191 | Sewer    | Noticed a big kobold
  1223 | Sewer    | Killed a big kobold
  1223 | Sewer    | Reached skill level 7 in Axes
  1223 | Sewer    | Reached XP level 5. HP: 35/45 MP: 5/5
  1295 | D:4      | Found a staircase to the Ecumenical Temple.
  1305 | Temple   | Entered the Ecumenical Temple
  1327 | Temple   | Became a worshipper of the Shining One
  1327 | Temple   | Reached * piety under the Shining One
  1327 | Temple   | Reached ** piety under the Shining One
  1356 | D:4      | Found a burning altar of Makhleb.
  1361 | D:4      | Reached skill level 8 in Axes
  1425 | D:4      | You fall through a shaft!
  1425 | D:5      | Entered Level 5 of the Dungeon
  1426 | D:5      | Noticed a sky beast
  1432 | D:4      | Noticed an ogre
  1611 | D:3      | Noticed Natasha
  1624 | D:3      | HP: 1/45 [white imp/puff of frost[Natasha] (7)]
  1627 | D:3      | Killed Natasha
  1627 | D:3      | Reached XP level 6. HP: 1/51 MP: 6/6
  1816 | D:4      | Found a snail-covered altar of Cheibriados.
  1907 | D:3      | Noticed Natasha
  1915 | D:3      | Killed Natasha
  2011 | D:4      | Reached skill level 9 in Axes
  2020 | D:4      | Killed a sky beast
  2225 | D:5      | Reached skill level 10 in Axes
  2225 | D:5      | Reached XP level 7. HP: 49/57 MP: 3/7
  2740 | D:7      | Noticed a hornet
  2750 | D:7      | Killed a hornet
  2750 | D:7      | Reached skill level 5 in Fighting
  2750 | D:7      | Reached skill level 11 in Axes
  2750 | D:7      | Reached XP level 8. HP: 20/68 MP: 4/8
  2847 | D:6      | Noticed Edmund
  2859 | D:6      | Killed Edmund
  3150 | D:8      | Reached skill level 12 in Axes
  3152 | D:8      | Noticed Erica
  3166 | D:8      | Gained mutation: Armour fits poorly on your strangely shaped body. [potion of mutation]
  3166 | D:8      | Gained mutation: Scrolls take you a little longer to read. [potion of mutation]
  3171 | D:8      | Killed Erica
  3171 | D:8      | Reached XP level 9. HP: 82/82 MP: 9/9
  3232 | D:7      | Reached skill level 13 in Axes
  3343 | D:7      | HP: 2/83 [warg (7)]
  3344 | D:7      | Mangled by a warg

Vault maps used:
D:1:      sevenhm_arrival_forest_fort_small_6
D:2:      grunt_dithmenos_smoke, first_bread, uniq_crazy_yiuf_cottage
D:3:      grunt_temple_overflow_growth_and_decay,
          chequers_temple_overflow_minitemple, portal_sewer_entry_a,
          uniq_natasha
D:4:      makhleb_grotto_becter, lemuel_round_altar
D:5:      uniq_sigmund, uniq_grinder
D:6:      yredelemnul_forgotten_temple_becter, gammafunk_temple_overflow_pools,
          uniq_edmund
D:8:      lemuel_crystal_altar, kennysheep_little_box,
          erik_lair_orcish_takeover, nicolae_ossuary_entry_giza, uniq_erica,
          uniq_joseph
Temple:   corrupted_temple
Sewer:    sewer_co_tree

Skill      XL: |  1  2  3  4  5  6  7  8  9 |
---------------+----------------------------+-----
Axes           | 5 6 7 8 10 11 12 13 | 13.3
Fighting       | 5 8 9 |  9.0
Dodging        | |  2.4
Stealth        | |  1.5

Action                   |  1- 3 |  4- 6 |  7- 9 || total
-------------------------+-------+-------+-------++-------
Melee: Hand axe          |   150 |   188 |    29 ||   367
       War axe           |       |       |    74 ||    74
Invok: Divine Shield     |       |     1 |     1 ||     2
  Use: Scroll            |       |     5 |     3 ||     8
       Potion            |       |     3 |     3 ||     6
 Stab: Sleeping          |     1 |       |       ||     1
  Eat: Chunk             |       |     3 |     1 ||     4
       Meat ration       |       |     1 |       ||     1
Armor: Robe              |    34 |       |       ||    34
       Scale mail        |       |    90 |    44 ||   134
       Skin              |       |       |     1 ||     1
Dodge: Dodged            |   115 |   113 |    38 ||   266
Block: Other             |       |     2 |     5 ||     7
